 Dungeon Crawl Stone Soup version 0.25.1-2-g60ff931df9 (webtiles) character file.

Game seed: 4799253174570258142

8589 Johnny the Geomancer (level 10, -1/69 HPs)
             Began as a Demigod Earth Elementalist on Oct 31, 2020.
             Slain by a small abomination (14 damage)
             ... in a Gauntlet.
             The game lasted 00:12:31 (11483 turns).

Johnny the Geomancer (Demigod Earth Elementalist)  Turns: 11483, Time: 00:12:31

Health: -1/69      AC: 12    Str: 15    XL:     10   Next: 87%
Magic:  12/28      EV: 11    Int: 25    God:
Gold:   465        SH:  0    Dex: 16    Spells: 19/28 levels left

rFire    + . .     SeeInvis .   F - +2 dagger (venom)
rCold    + . .     Gourm    .   (no shield)
rNeg     + . .     Faith    .   E - +1 ring mail {rN+}
rPois    .         Spirit   .   k - +0 hat of Hajupn {rCorr Str+4}
rElec    .         Reflect  .   x - scarf {rC+ rF+}
rCorr    +         Harm     .   o - +1 pair of gloves
MR       +....     NoTele   +   (no boots)
Stlth    ..........             i - amulet of regeneration
HPRegen  0.61/turn              e - ring of wizardry
MPRegen  0.21/turn              K - +4 ring of protection

@: confused
A: high mp 1
a: no special abilities


You were in a Gauntlet.
You were not hungry.

You visited 1 branch of the dungeon, and saw 11 of its levels.
You also visited: Sewer and Gauntlet.

You collected 465 gold pieces.

Inventory:

Hand Weapons
 y - a +4 flail
 A - a +0 vampiric long sword
 F - a +2 dagger of venom (weapon)
Missiles
 b - 104 stones (quivered)
Armour
 k - the +0 hat of Hajupn (worn) {rCorr Str+4}
   (You found it in a Gauntlet)

   It affects your strength (+4).
   It provides partial protection from all sources of acid and corrosion.
 o - a +1 pair of gloves (worn)
 x - a scarf of resistance (worn)
 z - a +0 kite shield
 E - a +1 ring mail of positive energy (worn)
Magical Staves
 G - an uncursed staff of conjuration {unknown}
Jewellery
 e - a ring of wizardry (left hand)
 i - an amulet of regeneration (around neck)
 D - an uncursed ring of ice
 I - a +6 ring of dexterity {unknown}
 J - an uncursed ring of stealth
 K - a +4 ring of protection (right hand)
 N - a +6 ring of intelligence {unknown}
Wands
 h - a wand of digging (4)
 s - a wand of polymorph (12)
 L - a wand of iceblast (10)
Scrolls
 c - 3 scrolls of enchant armour
 f - a scroll of silence
 g - a scroll of amnesia
 q - 5 scrolls of remove curse
 t - a scroll of teleportation
 v - a scroll of immolation {unknown}
 M - a scroll of noise {unknown}
Potions
 a - a potion of brilliance
 j - a potion of invisibility {unknown}
 p - a potion of mutation {unknown}
 u - a potion of berserk rage {unknown}
 w - 3 potions of flight
 H - a potion of stabbing {unknown}
Comestibles
 d - 12 rations


   Skills:
 - Level 1.7 Dodging
 - Level 1.7 Stealth
 + Level 7.1 Shields
 * Level 9.9 Spellcasting
   Level 0.8 Transmutations
 + Level 9.9 Earth Magic


You had 19 spell levels left.
You knew the following spells:

 Your Spells              Type           Power        Failure   Level  Hunger
a - Sandblast             Erth           ######       1%          1    None
b - Stone Arrow           Conj/Erth      #####.       1%          3    None
c - Lee's Rapid Deconstr  Erth           ######....   1%          5    ####...

Your spell library contained the following spells:

 Spells                   Type           Power        Failure   Level  Hunger
 Passwall                 Tmut/Erth      #####...     1%          2    None
 Foxfire                  Conj/Fire      ##..         4%          1    None
 Pain                     Necr           ##..         4%          1    None
 Shock                    Conj/Air       ##..         4%          1    None
 Petrify                  Tmut/Erth      #####...     4%          4    #......
 Swiftness                Chrm/Air       ##......     6%          2    None
 Conjure Flame            Conj/Fire      ##......     12%         3    None
 Inner Flame              Hex/Fire       ##......     12%         3    None
 Static Discharge         Conj/Air       ##......     12%         3    None
 Airstrike                Air            ##........   36%         4    #......
 Sticky Flame             Conj/Fire      ##......     36%         4    #......
 Fireball                 Conj/Fire      ##........   69%         5    ####...
 Lightning Bolt           Conj/Air       ##........   69%         5    ####...


Dungeon Overview and Level Annotations

Branches:
Dungeon (11/15)            Temple (0/1) D:6            Lair (0/6) D:11
    Orc (0/2) D:11          Sewer (visited)         Gauntlet (1/1)

Shops:
D:10 }

Annotations:
D:11 Josephine Gauntlet 9 transporters


Innate Abilities, Weirdness & Mutations

You have an increased reservoir of magic. (+10% MP)


Message History

The thrashing horror tramples you!
* * * LOW HITPOINT WARNING * * *
You hold your ground!
Unknown command.
Unknown command.
You are confused.
You feel invigorated.
The small abomination closely misses you.
The thrashing horror tramples you!
* * * LOW HITPOINT WARNING * * *
You hold your ground!
The thrashing horror tramples you but does no damage.
The small abomination misses you.
Unknown command.
You bump into the stone wall.
The thrashing horror churns violently!
The thrashing horror seems to grow stronger.
The thrashing horror misses you. The thrashing horror barely misses you.
The small abomination hits you!
You die...

.#
##.8.....8.................
##...............8.....8....
#≈...###########............
##...#.........#...#########
#≈...#..##^##..#...#.......#
##...#(#..#..#.#####..#.#..#
#≈...#!#§.#..#.#...#..#.#..#
##.8.#©x#####..#©8©#©.#©#..#
#≈...#[#^.#@x#.#...#).#.#..#
##§..#.#..#X.#.#####..#.#..#
#≈...#..##^##..#...#.......#
##...#.........#...#########
#≈...###########............
##...............8.....8....
#≈.8......8..§..............
##........§..§...#≈#≈#≈#§#≈#
##≈#≈#≈#≈#≈#≈#≈############


You could see a thrashing horror (strong) and a small abomination.

Vanquished Creatures
  A green death (Gauntlet)
  A hydra (D:11)
  A thrashing horror (Gauntlet)
  An ugly thing (D:9)
  An orange demon (Gauntlet)
  Grinder (D:3)
  4 hippogriffs
  A spriggan (D:8)
  3 yaks (D:9)
  2 hungry ghosts
  Menkaure (D:5)
  A water moccasin (D:9)
  2 ice beasts
  A phantom (D:9)
  2 necrophages
  3 sky beasts
  An eye of draining (D:8)
  2 ogres
  2 centaurs
  4 big kobolds
  3 small abominations (Gauntlet)
  A bullfrog (D:9)
  3 scorpions
  9 killer bees
  2 howler monkeys
  A centaur zombie (D:7)
  A crimson imp (D:5)
  A bullfrog zombie (D:9)
  4 hounds
  4 jellies
  8 orc priests
  A gnoll shaman (D:5)
  A bullfrog skeleton (D:2)
  6 orc wizards
  3 iguanas
  Ijyb (D:3)
  7 worker ants
  2 killer bee zombies
  A hound zombie (D:8)
  10 gnolls
  2 howler monkey skeletons (D:5)
  5 adders
  A river rat (Sewer)
  3 shadow imps
  An adder skeleton (D:4)
  3 worms
  4 dart slugs
  6 leopard geckos
  9 orcs
  6 bats
  5 giant cockroaches
  17 goblins
  7 hobgoblins
  13 jackals
  7 quokkas
  3 ball pythons
  A ball python skeleton (D:4)
  4 frilled lizards
  2 giant cockroach zombies (D:5)
  23 kobolds
  8 rats
234 creatures vanquished.

Notes
Turn   | Place    | Note
-------+----------+-------------------------------------------
     0 | D:1      | Johnny the Demigod Earth Elementalist began the quest for
                  | the Orb.
     0 | D:1      | Reached XP level 1. HP: 14/14 MP: 5/5
   508 | D:1      | Reached XP level 2. HP: 18/20 MP: 2/7
  1196 | D:2      | Reached XP level 3. HP: 26/26 MP: 9/9
  1502 | D:2      | Reached XP level 4. HP: 33/33 MP: 8/10
  1905 | D:2      | Found a burning altar of Makhleb.
  1905 | D:2      | Found an ornate altar of the Wu Jian Council.
  1910 | D:2      | Found a sacrificial altar of Ru.
  1912 | D:2      | Found a stormy altar of Qazlal.
  1914 | D:2      | Found a shimmering blue altar of Sif Muna.
  2745 | D:3      | Noticed Grinder
  2935 | D:4      | Found a glowing drain.
  2961 | Sewer    | Entered a sewer
  3058 | Sewer    | Noticed a big kobold
  3068 | Sewer    | Killed a big kobold
  3068 | Sewer    | Reached skill level 5 in Earth Magic
  3068 | Sewer    | Reached XP level 5. HP: 38/38 MP: 6/12
  3160 | Sewer    | Found a white marble altar of Elyvilon.
  3403 | D:4      | Reached XP level 6. HP: 32/45 MP: 10/14
  3756 | D:4      | Learned a level 3 spell: Stone Arrow
  3762 | D:4      | Learned a level 5 spell: Lee's Rapid Deconstruction
  3979 | D:3      | Killed Grinder
  3979 | D:3      | Reached skill level 1 in Shields
  3979 | D:3      | Reached XP level 7. HP: 50/50 MP: 10/16
  4211 | D:3      | Found a shimmering blue altar of Sif Muna.
  4475 | D:3      | Noticed Ijyb
  4492 | D:3      | Killed Ijyb
  4967 | D:3      | Identified Sif Muna's Guide on Stolen Souls
  4994 | D:5      | Entered Level 5 of the Dungeon
  4994 | D:5      | Noticed Menkaure
  5001 | D:5      | Killed Menkaure
  5354 | D:5      | Reached XP level 8. HP: 23/57 MP: 16/18
  5360 | D:5      | Reached skill level 5 in Spellcasting
  6195 | D:6      | Found a staircase to the Ecumenical Temple.
  6502 | D:7      | Found a shattered altar of Ashenzari.
  6830 | D:7      | Found a bloodstained altar of Trog.
  7041 | D:7      | Found a blossoming altar of Fedhas.
  7898 | D:8      | Found a glowing golden altar of the Shining One.
  7900 | D:8      | Found a white marble altar of Elyvilon.
  7953 | D:8      | Reached XP level 9. HP: 62/62 MP: 17/22
  8413 | D:8      | Found a glowing silver altar of Zin.
  8500 | D:8      | Found a shattered altar of Ashenzari.
  8502 | D:8      | Found a shadowy altar of Dithmenos.
  8631 | D:9      | Reached skill level 5 in Shields
  9128 | D:9      | Noticed a purple ugly thing
  9138 | D:9      | Killed a purple ugly thing
  9371 | D:9      | Reached XP level 10. HP: 42/69 MP: 10/26
 10117 | D:10     | Entered Level 10 of the Dungeon
 10404 | D:10     | Found Roeror's Gadget Boutique.
 10839 | D:11     | Noticed Josephine
 10909 | D:11     | Noticed a four-headed hydra
 10915 | D:11     | HP: 2/69 [four-headed hydra (13)]
 10917 | D:11     | Killed a four-headed hydra
 10956 | D:11     | Found a gate leading to a gauntlet.
 10963 | Gauntlet | Entered a Gauntlet
 10963 | Gauntlet | Found a transporter.
 11143 | Gauntlet | Found a transporter.
 11159 | Gauntlet | Found a transporter.
 11164 | Gauntlet | Found a transporter.
 11172 | Gauntlet | Noticed a green death
 11175 | Gauntlet | Found a transporter.
 11194 | Gauntlet | Found a transporter.
 11197 | Gauntlet | Found a transporter.
 11201 | Gauntlet | Found a transporter.
 11202 | Gauntlet | Noticed an entropy weaver
 11210 | Gauntlet | Noticed a sixfirhy
 11220 | Gauntlet | Noticed a sixfirhy
 11221 | Gauntlet | Noticed a sixfirhy
 11226 | Gauntlet | Noticed a thrashing horror
 11228 | Gauntlet | Noticed a thrashing horror
 11230 | Gauntlet | Found a transporter.
 11231 | Gauntlet | Noticed a sixfirhy
 11237 | Gauntlet | Noticed a wolf spider
 11238 | Gauntlet | Found a transporter.
 11238 | Gauntlet | Found a transporter.
 11239 | Gauntlet | Noticed a green death
 11246 | Gauntlet | Found a transporter.
 11339 | Gauntlet | HP: 4/103 [green death (10)]
 11358 | Gauntlet | Killed a green death
 11395 | Gauntlet | Got a warped hat
 11401 | Gauntlet | Identified the +0 hat of Hajupn {rCorr Str+4} (You found it
                  | in a Gauntlet)
 11479 | Gauntlet | Killed a thrashing horror
 11483 | Gauntlet | Slain by a small abomination

Illustrated notes

Levels and vault maps discovered:
D:1:      evilmike_arrival_fibonacci_small, layout_loops_corners,
          kennysheep_doodads, st_stairs_10
D:2:      layout_basic, chequers_temple_overflow_minitemple
D:3:      kennysheep_goblin_castle, layout_loops_ring, led_sif_book,
          uniq_grinder
D:4:      layout_gridville, cheibrodos_sewer_entry_bend, first_ration
D:5:      layout_rooms, uniq_menkaure
D:6:      cheibrodos_thug_alley, layout_rooms, minmay_temple_entry_glassed_door
D:7:      layout_layer_cave, grunt_temple_overflow_open, evilmike_ruin_ashenzari
D:8:      layout_rooms, good_gods_mini_temple, minitemple, grunt_pizzeria
D:9:      layout_basic
D:10:     layout_loops_ring, serial_shops, kennysheep_little_box
D:11:     layout_cave_pools, erik_lair_orcish_takeover, orc_0_dummy,
          gauntlet_entry_generic, uniq_josephine
Gauntlet: minmay_gauntlet_mixed_oops_all_seconds
          [minmay_gauntlet_arena_77_p_blocks, gammafunk_gauntlet_arena_corners,
          minmay_gauntlet_arena_77_chump_sandwich,
          gammafunk_gauntlet_arena_teeth,
          minmay_gauntlet_arena_77_hold_the_fort,
          nicolae_gauntlet_arena_quarters, gauntlet_exit_green]

Skill      XL: |  1  2  3  4  5  6  7  8  9 10 |
---------------+-------------------------------+-----
Earth Magic    | 3 4 5 6 7 8 9 |  9.9
Spellcasting   | 2 3 4 6 8 9 |  9.9
Shields        | 1 2 4 5 7 |  7.1
Dodging        | |  1.7
Stealth        | |  1.7
Transmutations | |  0.8

Action                   |  1- 3 |  4- 6 |  7- 9 | 10-12 || total
-------------------------+-------+-------+-------+-------++-------
Melee: Dagger            |    95 |    63 |   129 |    45 ||   332
       Flail             |       |    27 |    66 |       ||    93
 Cast: Sandblast         |    24 |    70 |    92 |    20 ||   206
       Stone Arrow       |       |       |    66 |    27 ||    93
       Lee's Rapid Decon |       |       |     1 |    17 ||    18
 Abil: Evoke Flight      |       |       |     1 |       ||     1
Evoke: Wand              |       |       |       |     2 ||     2
  Use: Potion            |       |     1 |       |    13 ||    14
       Scroll            |       |       |     7 |     8 ||    15
 Stab: Sleeping          |     4 |     4 |     1 |       ||     9
  Eat: Chunk             |     2 |     8 |    15 |     3 ||    28
       Ration            |       |       |     1 |     3 ||     4
Armor: Leather armour    |    40 |    37 |    10 |       ||    87
       Ring mail         |       |       |   103 |    56 ||   159
       Skin              |       |       |       |    24 ||    24
Dodge: Dodged            |    83 |    76 |   188 |    65 ||   412
